 Dungeon Crawl Stone Soup version 0.20.0-8-g6b59dc7 (webtiles) character file.

721 anfisbena the Cleaver (level 7, -2/66 HPs)
             Began as a Hill Orc Fighter on June 2, 2017.
             Slain by Sigmund
             ... wielding a +0 scythe of venom
              (6 damage)
             ... on level 4 of the Dungeon.
             The game lasted 00:05:22 (3557 turns).

anfisbena the Cleaver (Hill Orc Fighter)            Turns: 3557, Time: 00:05:22

Health: -2/66      AC: 11    Str: 24    XL:     7   Next: 70%
Magic:  7/7        EV:  5    Int:  8    God:
Gold:   276        SH:  9    Dex: 12    Spells: 6/6 levels left

rFire    . . .     SeeInvis .   a - +0 war axe
rCold    . . .     Gourm    .   c - +0 shield
rNeg     . . .     Faith    .   n - +0 chain mail (curse)
rPois    .         Spirit   .   o - +0 helmet
rElec    .         Reflect  .   h - +0 cloak
rCorr    .         Harm     .   (no gloves)
MR       +....                  (no boots)
Stlth    ..........             (no amulet)
Regen    0.3/turn               t - ring of protection from magic
MPRegen  0.1/turn               (no ring)

@: mighty, lethally poisoned (-2 -> -23), very slightly contaminated, hasted,
invisible, very quick
A: no striking features
a: no special abilities


You were on level 4 of the Dungeon.
You were not hungry.

You visited 1 branch of the dungeon, and saw 4 of its levels.
You also visited: Sewer.

You collected 276 gold pieces.

Inventory:

Hand Weapons
 a - a +0 war axe (weapon)
Armour
 c - a +0 shield (worn)
 h - a +0 cloak (worn)
 n - a cursed +0 chain mail (worn)
 o - a +0 helmet (worn)
Jewellery
 t - a ring of protection from magic (left hand)
Wands
 b - a wand of lightning (8/15)
 g - a wand of paralysis (16/24)
 s - a wand of disintegration (8/24)
Scrolls
 j - 2 scrolls of enchant weapon
 p - a scroll of fog {unknown}
Potions
 i - a potion of cancellation {unknown}
 q - a potion of mutation {unknown}
Comestibles
 f - 3 bread rations
 k - 4 fruits


   Skills:
 + Level 7.6 Fighting
 + Level 8.4 Axes
 - Level 3.2 Armour
 - Level 3.2 Shields


You had 6 spell levels left.
You didn't know any spells.

Dungeon Overview and Level Annotations

Branches:
Dungeon (4/15)             Temple (0/1) D:4

Altars:
Ashenzari
Fedhas
Yredelemnul

Annotations:
D:4 Sigmund


Message History

* * * LOW HITPOINT WARNING * * *
You block the orc's attack.
You closely miss something. You slash the orc!
You kill the orc!
* * * LOW HITPOINT WARNING * * *
You feel very sick. You block something's attack.
You slice something!!
* * * LOW HITPOINT WARNING * * *
You feel sick. Something hits you but does no damage.
You are more poisoned.
It was a potion of invisibility.
You fade into invisibility!
* * * LOW HITPOINT WARNING * * *
You feel sick.
You are very lightly contaminated with residual magic.
It was a potion of haste.
You feel yourself speed up.
* * * LOW HITPOINT WARNING * * *
You feel sick. Something hits you.
You die...

##.# ..>..⌠ #...# #.#
..... .# #...# #.##
#...# .# #... ####..#
#.⌠.# .# #.....### #...#
#.# ........# #...# ..
........## #...# .#
..###....###...##{######
..#_#....#......@.......
..#+#....#.#..###)#.....
###.######.#..# .# ...
....####.#.#..# .# .
......##...#..# .#
......###..#..# .#
......# #..#..# .#
......# #.<#..# .#
......###..#..###.#


There were no monsters in sight!

Vanquished Creatures
  Purgy (Sewer)
  An ogre (D:4)
  A howler monkey (D:4)
  A centaur zombie (D:3)
  A hound (D:4)
  4 orc priests (D:4)
  Ijyb (D:3)
  Jessica (D:2)
  3 worker ants (D:4)
  8 adders
  2 worms
  2 dart slugs
  2 leopard geckos
  14 orcs
  4 giant cockroaches
  5 goblins
  8 hobgoblins
  7 jackals
  A quokka (D:2)
  3 ball pythons
  10 bats
  9 frilled lizards
  A jackal skeleton (D:4)
  11 kobolds
  A leopard gecko skeleton (D:4)
  9 rats
  A spectral orc (D:4)
112 creatures vanquished.

Notes
Turn   | Place    | Note
-------+----------+-------------------------------------------
     0 | D:1      | anfisbena the Hill Orc Fighter began the quest for the Orb.
     0 | D:1      | Reached XP level 1. HP: 19/19 MP: 1/1
   135 | D:1      | Reached skill level 3 in Axes
   177 | D:1      | Reached XP level 2. HP: 24/27 MP: 2/2
   564 | D:1      | Reached XP level 3. HP: 31/33 MP: 3/3
   869 | D:2      | Noticed Jessica
   879 | D:2      | Killed Jessica
   879 | D:2      | Reached skill level 4 in Axes
   984 | D:2      | Reached XP level 4. HP: 41/41 MP: 4/4
  1302 | D:2      | Reached skill level 5 in Fighting
  1574 | D:3      | Found a blossoming altar of Fedhas.
  1640 | D:3      | Reached skill level 5 in Axes
  1797 | D:3      | Found a glowing drain.
  1802 | D:3      | Reached XP level 5. HP: 45/48 MP: 5/5
  1814 | Sewer    | Entered a sewer
  1850 | Sewer    | Noticed Purgy
  1861 | Sewer    | Killed Purgy
  1982 | D:3      | Reached skill level 6 in Axes
  1982 | D:3      | Reached XP level 6. HP: 47/57 MP: 6/6
  2015 | D:3      | Noticed Ijyb
  2021 | D:3      | Paralysed by Ijyb for 2 turns
  2025 | D:3      | Killed Ijyb
  2719 | D:4      | Reached skill level 7 in Axes
  2719 | D:4      | Reached XP level 7. HP: 42/64 MP: 7/7
  3147 | D:4      | Reached skill level 8 in Axes
  3234 | D:4      | Found a shattered altar of Ashenzari.
  3282 | D:4      | Found a basalt altar of Yredelemnul.
  3520 | D:4      | Found a staircase to the Ecumenical Temple.
  3527 | D:4      | Noticed Sigmund
  3557 | D:4      | Slain by Sigmund

Skill      XL: |  1  2  3  4  5  6  7 |
---------------+----------------------+-----
Axes           | 3 4 5 6 7 8 |  8.4
Fighting       | 4 5 6 7 |  7.6
Armour         | |  3.2
Shields        | |  3.2

Action                   |  1- 3 |  4- 6 |  7- 9 || total
-------------------------+-------+-------+-------++-------
Melee: War axe           |    84 |   178 |   105 ||   367
  Use: Scroll            |       |     1 |     5 ||     6
       Potion            |       |     1 |     4 ||     5
  Eat: Chunk             |       |     6 |     3 ||     9
Armor: Scale mail        |    31 |    92 |    24 ||   147
       Chain mail        |       |       |    19 ||    19
Dodge: Dodged            |    32 |    52 |    31 ||   115
Block: Shield            |    47 |   107 |    58 ||   212
